Unix NetHack Version 3.7.0-88 Work-in-progress - last build Aug 6 2023 13:40:22 (5c9c4c7fffe0d5f0a8b1342c2a36a56ed743986a,branch:master). Game began 2023-08-15 08:35:51, ended 2023-08-15 08:39:01. puncake, chaotic male orcish Rogue ------------ |...........###### |.......)..| ###### --------- ------- |..........- ##### |...<....# ############-.....| ---.-------- ### ###...)....|### ############## |.....| ###### ##|..)..*.+#####----------- +.....| #### ##+.......| # |.........|## |.....| ## #--------- # |.........| # #-.----- # # ###|..........### ## #### # #-.........| # # -------|-- # |.........| # # |......... # ----------- ### #### |...)....| ## # ## |dd......| # ## # |@.....f.| # ###-.--------- |........-#### -----# #|....._...| ---------- ###->..|# #|.........| |....# #..........| ----- ----------- Puncake the Footpad St:15 Dx:18 Co:13 In:8 Wi:12 Ch:11 Chaotic S:190 Dlvl:2 $:28 HP:0(11) Pw:2(2) AC:4 Xp:1/13 T:640 Latest messages: What do you want to drop? A black potion lands on the altar. r - an uncursed black potion. What do you want to drop? A murky potion lands on the altar. m - an uncursed murky potion. What do you want to drop? A scroll labeled GNIK SISI VLE lands on the altar. q - an uncursed scroll labeled GNIK SISI VLE. You swap places with Bingus. $ - 4 gold pieces (28 in total). Where do you want to travel to? (For instructions type a '?') Where do you want to travel to? (For instructions type a '?') You feel strong! You must have been exercising diligently. You feel tough! You must have been leading a healthy life-style. You descend the stairs. You climb up the stairs. Where do you want to travel to? (For instructions type a '?') You descend the stairs. You climb up the stairs. You miss the jackal. The jackal bites! In what direction? The orcish dagger hits the jackal. The jackal bites! In what direction? You throw 2 orcish daggers. The 1st orcish dagger misses the jackal. The 2nd orcish dagger misses the jackal. The jackal bites! You hit the jackal. The jackal just misses! The jackal bites! You miss the jackal. The jackal bites! The jackal bites! The jackal bites! What do you want to read? As you read the scroll, it disappears. This is an identify scroll. r - an uncursed potion of booze. The jackal misses! The jackal bites! You die... Do you want to see the dungeon overview? q Inventory: Coins $ - 28 gold pieces Weapons p - 7 uncursed +0 ya b - an uncursed +0 orcish dagger (weapon in hand) j - 8 uncursed +0 orcish daggers (at the ready) a - an uncursed +0 orcish short sword (alternate weapon; not wielded) Armor n - an uncursed +0 dwarvish mithril-coat (being worn) Comestibles i - an uncursed cum s - an uncursed food ration l - an uncursed orange h - an uncursed tripe ration t - an uncursed tin of spinach k - an uncursed lichen corpse Potions r - an uncursed potion of booze m - an uncursed potion of healing d - an uncursed potion of sickness o - an uncursed potion of water Tools f - an empty uncursed sack g - an uncursed blindfold e - an uncursed lock pick Puncake the Rogue's attributes: Background: You were a Footpad, a level 1 male orcish Rogue. You were chaotic, on a mission for Kos who was opposed by Issek (lawful) and Mog (neutral). You were in the Dungeons of Doom, on level 2. You entered the dungeon 640 turns ago. There was a new moon in effect when your adventure ended. You had 13 experience points, 7 more were needed to attain level 2. Your score was 190 before end-of-game adjustments. Basics: You had 0 out of 11 hit points. You had both energy points (spell power). Your armor class was 4. Your wallet contained 28 zorkmids. Autopickup was on for '%$?!/="+' plus thrown, with exceptions. Final Characteristics: Your strength was 15 (limit:18/50). Your dexterity was 18 (limit:18). Your constitution was 13 (limit:18). Your intelligence was 8 (limit:16). Your wisdom was 12 (limit:16). Your charisma was 11 (limit:16). Final Status: You were not hungry. You were unencumbered. You were wielding a dagger. You had basic skill with dagger. Final Attributes: You were fervently aligned. You were poison resistant. You had infravision. You were stealthy. You were guarded. You are dead. Miscellaneous: You never encountered a bones level. Total elapsed playing time was 3 minutes and 10 seconds. Major events: Turn 1: puncake the chaotic male orcish Rogue entered the dungeon 629: entered the Gnomish Mines 640: killed by a jackal Vanquished creatures: a fox a kobold 2 sewer rats a grid bug a lichen 6 newts 12 creatures vanquished. No species were genocided or became extinct. Voluntary challenges: You read items or engraved 1 time. You never engraved Elbereth. You never genocided any monsters. You never polymorphed an object. You never changed form. You used no wishes. Achievement: You entered the Gnomish Mines. The Dungeons of Doom: levels 1 to 3 Level 1: A fountain. Level 2: <- You were here. An altar. Stairs down to The Gnomish Mines. Final resting place for you, killed by a jackal. Level 3: The Gnomish Mines: Level 3: Game over: ---------- / \ / REST \ / IN \ / PEACE \ / \ | puncake | | 28 Au | | killed by a | | jackal | | | | | | 2023 | *| * * * | * _________)/\\_//(\/(/\)/\//\/|_)_______ Goodbye puncake the Rogue... You died in The Dungeons of Doom on dungeon level 2 with 188 points, and 28 pieces of gold, after 640 moves. You were level 1 with a maximum of 11 hit points when you died.